 Dungeon Crawl Stone Soup version 0.27-a0-1500-g450c7e4133 (webtiles) character file.

Game seed: 14607256497031390576

60 Gwenloh the Cudgeller (level 4, -1/33 HPs)
             Began as a Human Warper on July 8, 2021.
             Slain by Sigmund (7 damage)
             ... on level 2 of the Dungeon.
             The game lasted 00:06:34 (2492 turns).

Gwenloh the Cudgeller (Human Warper)                Turns: 2492, Time: 00:06:35

Health: -1/33      AC:  3    Str: 12    XL:     4   Next: 24%
Magic:  7/7        EV: 11    Int: 13    God:
Gold:   76         SH:  0    Dex: 13    Spells: 5/7 levels left

rFire    . . .     SeeInvis .   a - +0 whip
rCold    . . .     Faith    .   (no shield)
rNeg     . . .     Spirit   .   j - +0 leather armour
rPois    .         Reflect  .   g - +0 hat
rElec    .         Harm     .   (no cloak)
rCorr    .         Rampage  .   (no gloves)
Will     .....                  (no boots)
Stlth    +.........             (no amulet)
HPRegen  0.11/turn              (no ring)
MPRegen  0.10/turn              (no ring)

@: no status effects
A: no striking features
a: no special abilities


You were on level 2 of the Dungeon.
You visited 1 branch of the dungeon, and saw 2 of its levels.

You collected 76 gold pieces.

Inventory:

Hand Weapons
 a - a +0 whip (weapon)
 b - a +0 hunting sling
 f - a +0 mace
 i - a +0 flail
Missiles
 d - 5 boomerangs of dispersal
 e - 109 stones (quivered)
 h - 5 boomerangs
 k - 21 sling bullets
 l - 23 bolts
Armour
 g - a +0 hat (worn)
 j - a +0 leather armour (worn)
Scrolls
 c - a scroll of blinking


   Skills:
 - Level 2.0 Fighting
 * Level 3.6 Maces & Flails
 - Level 1.0 Throwing
 + Level 2.1 Armour
 - Level 2.0 Dodging
 - Level 2.0 Spellcasting
 - Level 3.0 Translocations


You had 5 spell levels left.
You knew the following spells:

 Your Spells              Type           Power      Damage    Failure   Level
a - Blink                 Tloc           N/A        N/A       14%         2

Your spell library contained the following spells:

 Spells                   Type           Power      Damage    Failure   Level
 Gell's Gravitas          Tloc           4%         N/A       28%         3
 Lesser Beckoning         Tloc           4%         N/A       28%         3
 Teleport Other           Tloc           9%         N/A       28%         3
 Manifold Assault         Tloc           9%         N/A       95%         5


Dungeon Overview and Level Annotations

Branches:
Dungeon (2/15)

Altars:
Ru

Shops:
D:1 =

Annotations:
D:2 Sigmund


Message History

The jackal barely misses you.
A hobgoblin comes into view.
The jackal bites you.
The hobgoblin shouts!
The jackal bites you but does no damage.
You shoot a stone. The stone closely misses the jackal.
The stone closely misses Sigmund.
The stone hits the dart slug.
The dart slug is heavily wounded.
The jackal bites you but does no damage.
a - a +0 whip (weapon)
The jackal bites you.
Sigmund hits you from afar with a +0 scythe.
The hobgoblin barely misses you.
b - a +0 hunting sling (weapon)
The jackal closely misses you.
a - a +0 whip (weapon)
The hobgoblin misses you. The jackal barely misses you.
Sigmund barely misses you.
You closely miss the hobgoblin.
The jackal bites you but does no damage.
The hobgoblin misses you. Sigmund barely misses you.
You closely miss the hobgoblin. The jackal barely misses you.
The hobgoblin closely misses you.
You barely miss the hobgoblin. The jackal closely misses you.
Sigmund giggles. "Time to reap what you sow."
Sigmund hits you from afar with a +0 scythe!
The hobgoblin barely misses you.
The jackal bites you but does no damage.
You barely miss the hobgoblin. Sigmund closely misses you.
The jackal misses you. The hobgoblin closely misses you.
You hit the hobgoblin but do no damage. The jackal misses you.
Sigmund hits you from afar with a +0 scythe!
* * * LOW HITPOINT WARNING * * *
The hobgoblin hits you.
* * * LOW HITPOINT WARNING * * *
You hit the hobgoblin.
The hobgoblin is moderately wounded.
The jackal barely misses you.
Sigmund hits you from afar with a +0 scythe!
You die...

#....#.#
#.#.....#
###h.#.#
#.......#
#..#(#
#####...#
# #..#.#
#..####
#.<#.#
#......
#..#w#
#######
#@# # #h#
#@# #g#
#.# #####
#.#
##....
#.#
...###
#.#
.#..##
#.#
......
#.# ###..
..###


You could see Sigmund, a dart slug, a jackal and a hobgoblin.

Vanquished Creatures
  3 orcs (D:2)
  2 bats
  3 endoplasms (D:1)
  4 giant cockroaches (D:1)
  7 goblins
  7 hobgoblins
  4 jackals (D:1)
  A quokka (D:1)
  7 ball pythons
  2 frilled lizards (D:1)
  4 kobolds
  5 rats (D:1)
49 creatures vanquished.

Notes
Turn   | Place    | Note
-------+----------+-------------------------------------------
     0 | D:1      | Gwenloh the Human Warper began the quest for the Orb.
     0 | D:1      | Reached XP level 1. HP: 16/16 MP: 3/3
   217 | D:1      | Reached XP level 2. HP: 22/22 MP: 5/5
   347 | D:1      | Learned a level 2 spell: Blink
   796 | D:1      | Reached XP level 3. HP: 25/27 MP: 6/6
  1305 | D:1      | Found Nanum's Jewellery Shoppe.
  2055 | D:2      | Reached XP level 4. HP: 21/33 MP: 7/7
  2396 | D:2      | Found a sacrificial altar of Ru.
  2468 | D:2      | Noticed Sigmund
  2492 | D:2      | Slain by Sigmund

Illustrated notes

Levels and vault maps discovered:
D:1:      dpeg_arrival_morbid_curiosity, layout_loops_corners, serial_shops,
          shop, nrook_mini_vaults, st_stairs_1
D:2:      layout_loops_ring, basic_altar, guppyfry_early_orc_mine, uniq_sigmund

Skill      XL: |  1  2  3 |
---------------+----------+-----
Maces & Flails | 3 |  3.6
Armour         | 2 |  2.1
Fighting       | |  2.0
Throwing       | |  1.0
Dodging        | |  2.0
Spellcasting   | |  2.0
Translocations | |  3.0

Action                   |  1- 3 |  4- 6 || total
-------------------------+-------+-------++-------
Melee: Mace              |    15 |       ||    15
       Whip              |   143 |    35 ||   178
 Fire: Hunting sling     |       |     2 ||     2
Throw: Stone             |    73 |    17 ||    90
 Cast: Blink             |       |     1 ||     1
Armor: Leather armour    |    38 |    14 ||    52
Dodge: Dodged            |    89 |    30 ||   119

Table legend: (Time is in decaauts)
 A = Elapsed time spent in this place.
 B = Non-inter-level travel time spent in this place.
 C = Inter-level travel time spent in this place.
 D = Time resting spent in this place.
 E = Time spent auto-exploring this place.
 F = Levels seen in this place.
 G = Mean time per level.
                   A        B        C        D        E       F      G
               +--------+--------+--------+--------+--------+-----+--------+
         Total |   2488 |   2410 |     78 |    562 |   1432 |   2 | 1244.0 |
       Dungeon |   2488 |   2410 |     78 |    562 |   1432 |   2 | 1244.0 |
               +--------+--------+--------+--------+--------+-----+--------+

Top non-repeatable levels by time:
     D:1: 1869 daAuts
     D:2: 618 daAuts
